[ AOE2 MATCH · #495353302 ]
UnrankedTeutons vs Franks
Player's team · LOSS
Rival team · WIN
[ REPLAY ANALYSIS · EXTRACTED FROM THE RECORDED GAME ]
Feudal
8:53
Castle
18:47
Imperial
33:03
| APM avg | 42.8 |
| APM peak | 73 |
| eAPM avg | 21.3 |
| Villagers / military | 165 / 165 |
Focus
⚔️ 29.7% · 🌾 70.3%
Knight ×86 · Spearman ×54 · Scorpion ×15 · Mangonel ×4 · Scout Cavalry ×4 · Monk ×2
Feudal
9:17
Castle
17:29
Imperial
31:40
| APM avg | 25.1 |
| APM peak | 83 |
| eAPM avg | 14.0 |
| Villagers / military | 131 / 202 |
Focus
⚔️ 33.7% · 🌾 66.3%
Spearman ×137 · Knight ×57 · Monk ×4 · Trebuchet (Packed) ×3 · Bombard Cannon ×1
Match map
Initial resources + every placement click. Lines = walls · curves = elevation contours. ◆ gold · ⬟ stone · ● berries · ✦ relic · ◌ wall gap
Your base· ✓ Closed at 18:47 · 10t walls · 1 gate(s)
Sörenius's base· Open — opponent sealed themselves in
Smoothed initial terrain · ◌ = detected wall gap · hover for details
Inputs per minute
— simonthepope - - Sörenius
Build order — simonthepope
First 150 of 434 actions detected
| 0:01 | Queue | Villager (Male) ×4 |
| 0:03 | Build | House |
| 0:06 | Build | House |
| 1:15 | Queue | Villager (Male) |
| 1:54 | Queue | Villager (Male) |
| 2:09 | Queue | Villager (Male) |
| 2:50 | Queue | Villager (Male) |
| 3:16 | Queue | Villager (Male) |
| 3:35 | Queue | Villager (Male) |
| 3:37 | Queue | Villager (Male) |
| 3:43 | Build | House |
| 3:50 | Queue | Villager (Male) |
| 4:13 | Queue | Villager (Male) |
| 4:57 | Build | Lumber Camp |
| 5:22 | Queue | Villager (Male) |
| 5:45 | Research | Loom |
| 6:13 | Queue | Villager (Male) |
| 6:21 | Build | Mill |
| 6:43 | Research | Feudal Age |
| 7:39 | Build | Barracks |
| 8:10 | Build | House |
| 8:20 | Build | House |
| 8:53 | Age | Feudal Age |
| 8:55 | Queue | Villager (Male) |
| 8:58 | Build | Stable |
| 9:01 | Build | House |
| 9:04 | Build | Palisade Wall |
| 9:20 | Queue | Spearman |
| 9:38 | Research | Double-Bit Axe |
| 9:43 | Research | Horse Collar |
| 9:45 | Queue | Villager (Male) |
| 9:46 | Queue | Villager (Male) |
| 9:55 | Queue | Scout Cavalry |
| 9:56 | Queue | Scout Cavalry |
| 10:27 | Queue | Scout Cavalry |
| 10:36 | Build | Farm |
| 10:37 | Build | Farm |
| 10:42 | Build | Mill |
| 10:44 | Queue | Villager (Male) |
| 11:11 | Queue | Villager (Male) |
| 11:17 | Build | House |
| 11:39 | Build | Palisade Wall |
| 11:46 | Build | Palisade Gate |
| 11:51 | Build | Farm |
| 11:52 | Queue | Villager (Male) |
| 11:56 | Build | Farm |
| 11:56 | Build | Farm |
| 11:59 | Build | Farm |
| 12:01 | Build | Farm |
| 12:05 | Queue | Villager (Male) |
| 12:22 | Build | Blacksmith |
| 12:23 | Build | House |
| 12:27 | Queue | Villager (Male) |
| 12:30 | Build | Farm |
| 12:32 | Build | Farm |
| 12:35 | Build | Farm |
| 12:36 | Queue | Villager (Male) |
| 12:45 | Queue | Villager (Male) |
| 12:59 | Queue | Villager (Male) |
| 13:23 | Queue | Villager (Male) |
| 13:28 | Build | Mining Camp |
| 13:31 | Queue | Villager (Male) |
| 13:48 | Build | House |
| 13:51 | Build | Palisade Wall |
| 14:00 | Queue | Villager (Male) |
| 14:21 | Queue | Villager (Male) |
| 15:29 | Queue | Villager (Male) |
| 15:40 | Build | Stable |
| 16:07 | Research | Castle Age |
| 16:12 | Build | House |
| 16:23 | Build | Farm |
| 16:29 | Build | Farm |
| 16:34 | Build | Farm |
| 16:38 | Queue | Villager (Male) |
| 16:38 | Queue | Villager (Male) |
| 17:35 | Research | Bloodlines |
| 17:37 | Research | Scale Barding Armor |
| 17:42 | Build | Farm |
| 17:43 | Build | Farm |
| 17:57 | Queue | Spearman |
| 17:58 | Queue | Spearman |
| 18:47 | Age | Castle Age |
| 18:51 | Build | Town Center |
| 18:57 | Build | Monastery |
| 18:59 | Queue | Knight |
| 18:59 | Queue | Knight |
| 19:01 | Research | Chain Barding Armor |
| 19:09 | Queue | Villager (Male) |
| 19:58 | Queue | Scout Cavalry |
| 20:02 | Queue | Villager (Male) |
| 20:11 | Queue | Villager (Male) |
| 20:17 | Build | Town Center |
| 20:18 | Queue | Villager (Male) |
| 20:18 | Queue | Villager (Male) |
| 20:46 | Queue | Villager (Male) |
| 20:49 | Research | Heavy Plow |
| 21:08 | Queue | Villager (Male) |
| 21:08 | Queue | Villager (Male) |
| 21:08 | Queue | Villager (Male) |
| 21:10 | Queue | Villager (Male) |
| 21:10 | Queue | Villager (Male) |
| 21:16 | Queue | Villager (Male) |
| 21:17 | Queue | Villager (Male) |
| 21:24 | Build | Lumber Camp |
| 21:26 | Queue | Villager (Male) |
| 21:43 | Queue | Knight |
| 21:55 | Queue | Villager (Male) |
| 21:58 | Queue | Villager (Male) |
| 22:15 | Research | Bow Saw |
| 22:22 | Build | Farm |
| 22:24 | Build | Farm |
| 22:27 | Build | Farm |
| 22:29 | Build | Farm |
| 22:32 | Build | Farm |
| 22:34 | Queue | Villager (Male) |
| 22:41 | Queue | Monk |
| 22:57 | Queue | Villager (Male) |
| 22:57 | Queue | Villager (Male) |
| 23:02 | Queue | Villager (Male) |
| 23:07 | Build | Farm |
| 23:08 | Build | Farm |
| 23:08 | Build | Farm |
| 23:10 | Queue | Villager (Male) |
| 23:18 | Queue | Villager (Male) |
| 23:35 | Queue | Knight |
| 23:38 | Queue | Villager (Male) |
| 23:44 | Build | House |
| 23:47 | Build | Farm |
| 23:49 | Queue | Villager (Male) |
| 23:51 | Build | Farm |
| 23:51 | Build | Farm |
| 23:51 | Build | Farm |
| 23:53 | Build | Farm |
| 24:13 | Queue | Knight |
| 24:13 | Queue | Knight |
| 24:16 | Build | House |
| 24:17 | Build | House |
| 24:19 | Queue | Villager (Male) |
| 24:20 | Queue | Villager (Male) |
| 24:31 | Queue | Knight |
| 24:39 | Queue | Villager (Male) |
| 24:39 | Queue | Villager (Male) |
| 24:55 | Queue | Monk |
| 24:57 | Queue | Villager (Male) |
| 24:57 | Queue | Villager (Male) |
| 24:58 | Queue | Villager (Male) |
| 25:06 | Queue | Villager (Male) |
| 25:10 | Build | House |
| 25:15 | Build | Farm |
| 25:15 | Build | Farm |
Build order — Sörenius
First 150 of 376 actions detected
| 0:01 | Queue | Villager (Male) ×4 |
| 0:02 | Build | House |
| 0:04 | Build | House |
| 1:25 | Queue | Villager (Male) |
| 1:46 | Build | Lumber Camp |
| 1:52 | Queue | Villager (Male) |
| 2:29 | Queue | Villager (Male) |
| 2:56 | Queue | Villager (Male) |
| 3:22 | Queue | Villager (Male) |
| 3:22 | Queue | Villager (Male) |
| 3:43 | Queue | Villager (Male) |
| 3:52 | Build | House |
| 4:10 | Queue | Villager (Male) |
| 4:24 | Build | House |
| 4:56 | Queue | Villager (Male) |
| 4:56 | Queue | Villager (Male) |
| 5:18 | Build | Mill |
| 5:45 | Queue | Villager (Male) |
| 5:45 | Queue | Villager (Male) |
| 6:30 | Research | Loom |
| 7:01 | Research | Feudal Age |
| 7:25 | Queue | Villager (Male) |
| 7:39 | Build | Barracks |
| 8:24 | Build | House |
| 9:17 | Age | Feudal Age |
| 9:17 | Research | Double-Bit Axe |
| 9:25 | Build | Blacksmith |
| 9:37 | Queue | Villager (Male) |
| 9:45 | Queue | Spearman |
| 9:50 | Build | Farm |
| 10:08 | Queue | Villager (Male) |
| 10:23 | Queue | Villager (Male) |
| 10:32 | Build | Stable |
| 10:39 | Build | Farm |
| 10:55 | Queue | Villager (Male) |
| 11:16 | Queue | Villager (Male) |
| 11:19 | Build | Farm |
| 11:30 | Queue | Villager (Male) |
| 11:35 | Build | House |
| 11:39 | Build | House |
| 11:58 | Build | Farm |
| 12:01 | Build | Farm |
| 12:02 | Queue | Villager (Male) |
| 12:15 | Build | Mining Camp |
| 12:33 | Queue | Villager (Male) |
| 12:57 | Queue | Villager (Male) |
| 13:21 | Research | Wheelbarrow |
| 13:43 | Build | Market |
| 14:49 | Research | Castle Age |
| 14:58 | Queue | Spearman |
| 15:06 | Build | House |
| 15:19 | Research | Gold Mining |
| 15:51 | Build | Stable |
| 15:53 | Build | House |
| 15:57 | Queue | Villager (Male) |
| 16:10 | Research | Scale Barding Armor |
| 16:27 | Build | Farm |
| 16:30 | Build | Farm |
| 16:33 | Build | Farm |
| 16:38 | Build | Farm |
| 16:45 | Build | Farm |
| 16:58 | Queue | Spearman |
| 17:23 | Queue | Spearman |
| 17:29 | Age | Castle Age |
| 17:43 | Build | Town Center |
| 17:47 | Queue | Knight |
| 17:48 | Queue | Knight |
| 17:50 | Queue | Villager (Male) |
| 17:54 | Research | Chain Barding Armor |
| 18:03 | Queue | Villager (Male) |
| 18:13 | Build | Farm |
| 18:35 | Queue | Villager (Male) |
| 19:02 | Queue | Villager (Male) |
| 19:06 | Queue | Villager (Male) |
| 19:27 | Queue | Villager (Male) |
| 19:28 | Queue | Villager (Male) |
| 19:34 | Queue | Villager (Male) |
| 19:44 | Build | Mill |
| 19:56 | Queue | Villager (Male) |
| 19:57 | Queue | Villager (Male) |
| 20:02 | Build | Monastery |
| 20:04 | Queue | Villager (Male) |
| 20:17 | Build | Town Center |
| 20:24 | Queue | Villager (Male) |
| 20:38 | Queue | Villager (Male) |
| 20:44 | Queue | Monk |
| 20:45 | Queue | Monk |
| 20:48 | Build | Farm |
| 20:51 | Build | Farm |
| 20:57 | Build | House |
| 21:02 | Build | House |
| 21:02 | Build | House |
| 21:03 | Build | House |
| 21:04 | Build | House |
| 21:07 | Queue | Villager (Male) |
| 21:23 | Queue | Villager (Male) |
| 21:37 | Queue | Villager (Male) |
| 21:58 | Queue | Villager (Male) |
| 22:04 | Queue | Monk |
| 22:08 | Queue | Villager (Male) |
| 22:14 | Build | Farm |
| 22:19 | Build | Farm |
| 22:20 | Build | Farm |
| 22:21 | Build | Farm |
| 22:24 | Build | Farm |
| 22:25 | Build | Farm |
| 22:46 | Queue | Monk |
| 22:49 | Queue | Villager (Male) |
| 22:56 | Queue | Villager (Male) |
| 23:04 | Queue | Villager (Male) |
| 23:08 | Build | House |
| 23:08 | Build | House |
| 23:09 | Build | House |
| 23:10 | Build | House |
| 23:23 | Queue | Villager (Male) |
| 23:24 | Queue | Villager (Male) |
| 23:25 | Queue | Villager (Male) |
| 23:26 | Queue | Knight |
| 23:26 | Queue | Knight |
| 23:30 | Build | Farm |
| 23:35 | Build | Lumber Camp |
| 23:39 | Build | Farm |
| 23:41 | Build | Farm |
| 24:10 | Queue | Villager (Male) |
| 24:10 | Queue | Villager (Male) |
| 24:26 | Queue | Villager (Male) |
| 24:30 | Queue | Spearman |
| 24:30 | Queue | Spearman |
| 24:44 | Queue | Villager (Male) |
| 24:45 | Queue | Spearman |
| 24:50 | Research | Pikeman (upgrade) |
| 24:58 | Queue | Villager (Male) |
| 25:10 | Queue | Villager (Male) |
| 25:11 | Queue | Villager (Male) |
| 25:13 | Build | House |
| 25:13 | Build | House |
| 25:14 | Queue | Villager (Male) |
| 25:19 | Build | Barracks |
| 25:20 | Queue | Villager (Male) |
| 25:28 | Build | Farm |
| 25:29 | Build | Farm |
| 25:29 | Build | Farm |
| 25:29 | Build | Farm |
| 25:30 | Build | Farm |
| 25:30 | Build | Farm |
| 25:30 | Build | Farm |
| 25:47 | Research | Scale Mail Armor |
| 25:48 | Research | Pikeman (upgrade) |
| 25:49 | Research | Squires |
| 25:50 | Queue | Villager (Male) |
Match timeline
| 7:39 | Sörenius · first_building Barracks |
| 7:39 | simonthepope · first_building Barracks |
| 8:53 | simonthepope · age_up feudal |
| 8:58 | simonthepope · first_building Stable |
| 9:04 | simonthepope · wall_segment Palisade Wall x7 |
| 9:17 | Sörenius · age_up feudal |
| 10:32 | Sörenius · first_building Stable |
| 11:39 | simonthepope · wall_segment Palisade Wall x1 |
| 13:51 | simonthepope · wall_segment Palisade Wall x2 |
| 17:29 | Sörenius · age_up castle |
| 18:47 | simonthepope · age_up castle |
| 18:57 | simonthepope · first_building Monastery |
| 20:02 | Sörenius · first_building Monastery |
| 26:51 | Sörenius · first_building Castle |
| 29:00 | simonthepope · first_building Siege Workshop |
| 29:30 | simonthepope · first_market_sell 100 wood |
| 29:32 | simonthepope · first_market_buy 100 food |
| 31:40 | Sörenius · age_up imperial |
| 33:03 | simonthepope · age_up imperial |
| 36:02 | simonthepope · first_building Castle |
| 36:23 | Sörenius · first_building Siege Workshop |
| 43:55 | simonthepope · first_building Archery Range |
| 49:01 | Sörenius · first_building Archery Range |
| 49:02 | simonthepope · resign |
[ AI ANALYSIS · 1 CREDIT ]
What really happened in this match?
Wolo.gg analyzes every decision: build order, eco, micro, common mistakes by bracket. Personalized analysis on WhatsApp or Discord in 30 seconds.
Civ guide
Teutons
Perfil
Jugador #10425540